 Dungeon Crawl Stone Soup version 0.28.0-1-gb440e238dd (webtiles) character file.

Game seed: 15248500804346140718

230 mortz the Conjurer (level 6, 40/42 HPs)
             Began as a Human Conjurer on Feb 23, 2022.
             Was an Initiate of Okawaru.
             Quit the game on level 4 of the Dungeon.
             The game lasted 00:26:28 (5184 turns).

mortz the Conjurer (Human Conjurer)                 Turns: 5184, Time: 00:26:28

Health: 40/42      AC:  3    Str:  7    XL:     6   Next: 24%
Magic:  2/10       EV: 12    Int: 27    God:    Okawaru [......]
Gold:   28         SH:  0    Dex: 17    Spells: 8/11 levels left

rFire   . . .      SeeInvis .   r - +1 dagger (flame) {short}
rCold   . . .      Faith    .   (no shield)
rNeg    . . .      Spirit   .   t - +0 leather armour
rPois   .          Reflect  .   (no helmet)
rElec   .          Harm     .   g - scarf {shadows}
rCorr   .          Rampage  .   (no gloves)
Will    .....                   (no boots)
Stlth   ++........              (no amulet)
HPRegen 0.14/turn               h - +6 ring of dexterity
MPRegen 0.12/turn               k - +6 ring of intelligence

@: no status effects
A: no striking features
a: Renounce Religion


You were on level 4 of the Dungeon.
You worshipped Okawaru.
Okawaru was noncommittal.
You visited 2 branches of the dungeon, and saw 5 of its levels.

You collected 92 gold pieces.
You spent 64 gold pieces at shops.


   Skills:
 + Level 0.6 Fighting
 + Level 0.2 Short Blades
 + Level 0.8 Throwing
 + Level 0.2 Armour
 + Level 2.2 Dodging
 + Level 2.8 Stealth
 + Level 3.3 Spellcasting
 + Level 5.6 Conjurations


You had 8 spell levels left.
You knew the following spells:

 Your Spells              Type           Power      Damage    Failure   Level
a - Magic Dart            Conj           100%       1d8       1%          1
b - Searing Ray           Conj           70%        2d7       1%          2

Your spell library contained the following spells:

 Spells                   Type           Power      Damage    Failure   Level
 Dazzling Flash           Conj/Hex       38%        N/A       12%         3
 Gell's Gravitas          Tloc           4%         N/A       36%         3
 Lesser Beckoning         Tloc           4%         N/A       36%         3
 Teleport Other           Tloc           4%         N/A       36%         3
 Fulminant Prism          Conj/Hex       9%         3d7       36%         4
 Iskenderun's Mystic Bla  Conj/Tloc      19%        2d6       36%         4

Inventory:

Hand Weapons
 r - a +1 dagger of flaming (weapon) {short}
   (You took it off a goblin on level 3 of the Dungeon)
 w - a +1 dagger of freezing {short}
   (You took it off a kobold on level 4 of the Dungeon)
Missiles
 b - 159 stones {throwing}
 f - 18 sling bullets
 n - 3 poisoned darts {throwing}
 u - 3 boomerangs {throwing}
Armour
 a - a +0 robe
 c - a +0 ring mail
   (You found it on level 1 of the Dungeon)
 g - a scarf of shadows (worn)
   (You found it on level 1 of the Dungeon)
 l - a +1 ring mail of poison resistance
   (You found it on level 2 of the Dungeon)
 t - a +0 leather armour (worn)
   (You took it off an orc on level 3 of the Dungeon)
Magical Staves
 y - a staff of earth {!astaff}
   (You found it on level 4 of the Dungeon)
Jewellery
 h - a +6 ring of dexterity (left hand)
   (You found it on level 2 of the Dungeon)
 k - a +6 ring of intelligence (right hand)
   (You found it on level 2 of the Dungeon)
Wands
 d - a wand of iceblast (4)
   (You bought it in a shop on level 4 of the Dungeon)
Scrolls
 e - 3 scrolls of vulnerability {unknown}
 i - 3 scrolls of teleportation {unknown}
 m - 2 scrolls of magic mapping {unknown}
 p - 2 scrolls of identify {unknown}
 s - 3 scrolls of blinking {unknown}
 x - 2 scrolls of fog {unknown}
Potions
 j - a potion of cancellation {unknown}
 o - a potion of ambrosia {unknown}
 q - a potion of berserk rage {unknown}
 v - a potion of might {unknown}

Dungeon Overview and Level Annotations

Branches:
Dungeon (4/15)             Temple (1/1) D:4

Altars:
Ashenzari
Cheibriados
Dithmenos
Elyvilon
Fedhas
Gozag
Hepliaklqana
Kikubaaqudgha
Makhleb
Okawaru
Qazlal
Ru
Sif Muna
Trog
Uskayaw
Vehumet
Wu Jian
Xom
Yredelemnul
Zin
The Shining One

Shops:
D:4

* #+##### #...... #...... #......
#....## ### ############....##
.... #..............)†)
.....#................#
.....'@...............# ########
#########.............# #..°....
#.............#
#.○.......○...○...##....##.....##
#.○....°..°....°..##....##.....##
#.°............°..#..............
#..........°......#.........<....
#.................#..............
8.................###...##...##.#


There were no monsters in sight!


Message History

You open the door.
Found a radiant altar of Vehumet.
There is an open door here.
You open the door.
Found an ornate altar of the Wu Jian Council.
There is an open door here.
You open the door.
Found a broken altar of Ashenzari.
There is an open door here.
You open the door.
Found a shimmering blue altar of Sif Muna.
There is an open door here.
You open the door.
Found a hide-covered altar of Uskayaw.
There is an open door here.
There is an open door here.
You open the door.
Found an iron altar of Okawaru.
There is an open door here.
There is an iron altar of Okawaru here.
You kneel at the altar of Okawaru.
Okawaru welcomes you!
There is an open door here.
There is an open door here.
You open the door.
Found a white marble altar of Elyvilon.
There is an open door here.
There is an open door here.
You open the door.
Found a stormy altar of Qazlal.
There is an open door here.
There is an open door here.
You open the door.
Found a burning altar of Makhleb.
There is an open door here.
You open the door.
Found a shimmering altar of Xom.
There is an open door here.
You open the door.
Found an ancient bone altar of Kikubaaqudgha.
There is an open door here.
You open the door.
Found a sacrificial altar of Ru.
There is an open door here.
There is an open door here.
You open the door.
Found a basalt altar of Yredelemnul.
There is an open door here.
There is an open door here.
Done exploring.
There is an open door here.
There is an open door here.
There is a staircase back to the Dungeon here.
You climb upwards.
Welcome back to the Dungeon!
There is a staircase to the Ecumenical Temple here.
b - 159 stones {throwing} (gained 25)
You open the door.
An iguana comes into view.
Casting: Magic Dart (safe; 1% risk of failure)
Confirm with . or Enter, or press ? or * to list all spells.
Aiming: Searing Ray (safe; 1% risk of failure)
Press: ? - help, Shift-Dir - straight line, f - iguana
Aim: an iguana (asleep, 100% to hit)
The searing ray hits the iguana but does no damage.
The iguana hisses angrily. (Press . to maintain the ray.)
You hear a shout!
A hobgoblin comes into view. 😎 MP[-2]
You lost 2 mp, and now have 8/10 mp.
The searing ray hits the iguana. 😎 MP[-1]
You lost 1 mp, and now have 7/10 mp.
The searing ray hits the iguana!
The iguana closely misses you. 😎 MP[-1]
You lost 1 mp, and now have 6/10 mp.
The searing ray misses the iguana.
The searing ray hits the hobgoblin.
You kill the hobgoblin!
Okawaru accepts your kill.
You finish channelling your searing ray.
The iguana closely misses you. 😎 MP[-1]
You lost 1 mp, and now have 5/10 mp.
Casting: Searing Ray (safe; 1% risk of failure)
Confirm with . or Enter, or press ? or * to list all spells.
Aiming: Searing Ray (safe; 1% risk of failure)
Press: ? - help, Shift-Dir - straight line, f/p - iguana
Aim: an iguana (heavily wounded, 83% to hit)
The searing ray hits the iguana. (Press . to maintain the ray.)
The iguana bites you. 😕 HP[-2] MP[-2]
You take 2 damage, and now have 40/42 hp.
You lost 2 mp, and now have 3/10 mp.
The searing ray hits the iguana.
You kill the iguana!
Okawaru accepts your kill. 😕 MP[-1]
You lost 1 mp, and now have 2/10 mp.
Are you sure you want to abandon this character and quit the game? (Confirm with "yes".)

Skill      XL: |  1  2  3  4  5 |
---------------+----------------+-----
Conjurations   | 5 |  5.6
Spellcasting   | 3 |  3.3
Fighting       | |  0.6
Short Blades   | |  0.2
Throwing       | |  0.8
Armour         | |  0.2
Dodging        | |  2.2
Stealth        | |  2.8

Action                   |  1- 3 |  4- 6 || total
-------------------------+-------+-------++-------
Melee: Short sword       |    12 |       ||    12
       Unarmed           |     2 |       ||     2
Throw: Stone             |    14 |       ||    14
 Cast: Magic Dart        |    61 |    34 ||    95
       Searing Ray       |     5 |    10 ||    15
Armor: Robe              |     5 |       ||     5
       Leather armour    |       |     2 ||     2
Dodge: Dodged            |    25 |     9 ||    34

Levels and vault maps discovered:
D:1:      minmay_arrival_arboretum_small, layout_basic,
          chequers_ecumenical_altar_island
D:2:      layout_basic, amcnicky_mini_corridor_feature
D:3:      layout_basic
D:4:      layout_gridville, lemuel_temple_firewalk_a, serial_shops, shop
Temple:   mainiacjoe_temple_trianglar_array

Notes
Turn   | Place    | Note
-------+----------+-------------------------------------------
     0 | D:1      | mortz the Human Conjurer began the quest for the Orb.
     0 | D:1      | Reached XP level 1. HP: 13/13 MP: 3/3
     0 | D:1      | magus.rc [v1.9.6]
   210 | D:1      | Reached XP level 2. HP: 19/19 MP: 0/5
   756 | D:1      | Learned a level 2 spell: Searing Ray
   908 | D:1      | Found a faded altar of an unknown god.
   958 | D:1      | Reached XP level 3. HP: 24/24 MP: 1/6
  1542 | D:2      | HP: 6/24 [adder (3)]
  2008 | D:2      | You pick up a book of Displacement and begin reading...
  2008 | D:2      | You add the spells Lesser Beckoning, Gell's Gravitas and
                  | Teleport Other to your library.
  2558 | D:3      | Reached XP level 4. HP: 30/30 MP: 4/7
  3019 | D:3      | Noticed an ogre
  3022 | D:3      | HP: 3/31 [ogre (28)]
  3023 | D:3      | Killed an ogre
  3024 | D:3      | Reached skill level 5 in Conjurations
  3024 | D:3      | Reached XP level 5. HP: 3/36 MP: 2/9
  4187 | D:4      | Reached skill level 3 in Spellcasting
  4275 | D:4      | Reached XP level 6. HP: 42/42 MP: 0/10
  4380 | D:4      | Found Tyareof's Assorted Antiques.
  4389 | D:4      | Bought a twisted gold wand for 64 gold pieces
  4631 | D:4      | Found a staircase to the Ecumenical Temple.
  4639 | Temple   | Entered the Ecumenical Temple
  4872 | Temple   | Became a worshipper of Warmaster Okawaru
  5184 | D:4      | Quit the game

Vanquished Creatures
  An ogre (D:3)
  An iguana (D:4)
  A hound skeleton (D:4)
  2 adders
  An ufetubus (D:4)
  3 worms
  2 dart slugs
  2 orcs (D:3)
  2 bats
  6 endoplasms
  4 giant cockroaches
  7 goblins
  7 hobgoblins
  8 jackals
  5 kobolds
  2 quokkas
  2 ball pythons
  3 frilled lizards (D:1)
  4 rats
63 creatures vanquished.

Table legend:
 A = Non-vault XP
 B = Vault XP
 C = Vault XP percentage of total XP
 D = Non-vault monster count
 E = Vault monster count
 F = Vault count percentage of total count
                 A         B        C        D         E       F
            +---------+---------+-------+---------+---------+-------
      Total |     329 |       0 |   0.0 |      63 |       0 |   0.0
            +---------+---------+-------+---------+---------+-------
        D:1 |      38 |       0 |   0.0 |      21 |       0 |   0.0
        D:2 |      29 |       0 |   0.0 |       9 |       0 |   0.0
        D:3 |     162 |       0 |   0.0 |      19 |       0 |   0.0
        D:4 |     100 |       0 |   0.0 |      14 |       0 |   0.0
            +---------+---------+-------+---------+---------+-------

Illustrated notes

Table legend:
 A = Kills in this place as a percentage of kills in entire the game.
 B = Kills by you in this place as a percentage of kills by you in the entire game.
 C = Kills by friends in this place as a percentage of kills by friends in the entire game.
 D = Other kills in this place as a percentage of other kills in the entire game.
 E = Experience gained in this place as a percentage of experience gained in the entire game.
 F = Experience gained in this place divided by the number of levels of this place that you have seen.
                   A       B       C       D       E      F
               +-------+-------+-------+-------+-------+----------------------
         Total | 100.0 | 100.0 |   N/A |   N/A | 100.0 |  65.8
       Dungeon | 100.0 | 100.0 |   N/A |   N/A | 100.0 |  82.2
               +-------+-------+-------+-------+-------+----------------------

Table legend: (Time is in decaauts)
 A = Elapsed time spent in this place.
 B = Non-inter-level travel time spent in this place.
 C = Inter-level travel time spent in this place.
 D = Time resting spent in this place.
 E = Time spent auto-exploring this place.
 F = Levels seen in this place.
 G = Mean time per level.
                   A        B        C        D        E       F      G
               +--------+--------+--------+--------+--------+-----+--------+
         Total |   5184 |   5017 |    167 |   1644 |   2847 |   5 | 1036.8 |
       Dungeon |   4730 |   4591 |    139 |   1644 |   2426 |   4 | 1182.5 |
        Temple |    454 |    426 |     28 |      0 |    421 |   1 |  454.0 |
               +--------+--------+--------+--------+--------+-----+--------+

Top non-repeatable levels by time:
     D:3: 1625 daAuts
     D:1: 1444 daAuts
     D:2: 1112 daAuts
     D:4: 548 daAuts
  Temple: 454 daAuts
